 Dungeon Crawl Stone Soup version 0.28-a0-1520-gc3277d3759 (webtiles) character file.

Game seed: 4557854159964528852

275 mopl the Poker (level 6, 0/47 HPs)
             Began as a Palentonga Gladiator on Jan 17, 2022.
             Killed by nerve-wracking pain
             ... invoked by Menkaure
              (13 damage)
             ... on level 4 of the Dungeon.
             The game lasted 00:04:12 (3544 turns).

mopl the Poker (Palentonga Gladiator)               Turns: 3544, Time: 00:04:12

Health: 0/47       AC:  8    Str: 20    XL:     6   Next: 3%
Magic:  6/6        EV:  4    Int:  8    God:
Gold:   133        SH:  9    Dex: 17    Spells: 5/5 levels left

rFire   . . .      SeeInvis +   a - +0 trident
rCold   . . .      Faith    .   f - +2 kite shield {reflect}
rNeg    . . .      Spirit   .   n - +0 chain mail
rPois   .          Reflect  +   c - +0 helmet
rElec   .          Harm     .   (no cloak)
rCorr   .          Rampage  .   (no gloves)
Will    .....                   (no barding)
Stlth   ..........              (no amulet)
HPRegen 0.15/turn               b - +6 ring of dexterity
MPRegen 0.10/turn               (no ring)

@: no status effects
A: large, rugged brown scales 3, see invisible, deformed body, roll 1, armoured
tail
a: Rolling Charge


You were on level 4 of the Dungeon.
You visited 1 branch of the dungeon, and saw 4 of its levels.

You collected 133 gold pieces.

Inventory:

Hand Weapons
 a - a +0 trident (weapon)
 u - a +0 glaive
Missiles
 d - 3 throwing nets (quivered)
 v - 6 boomerangs
Armour
 c - a +0 helmet (worn)
 f - a +2 kite shield of reflection (worn)
 n - a +0 chain mail (worn)
Jewellery
 b - a +6 ring of dexterity (left hand)
Scrolls
 e - a scroll of teleportation {unknown}
 g - a scroll of amnesia {unknown}
 h - a scroll of holy word {unknown}
 i - 2 scrolls of identify {unknown}
 j - a scroll of fear {unknown}
 k - a scroll of fog {unknown}
 l - a scroll of noise {unknown}
 m - a scroll of blinking {unknown}
 q - a scroll of magic mapping {unknown}
Potions
 o - a potion of flight {unknown}
 p - a potion of cancellation {unknown}
 r - a potion of mutation {unknown}
 s - a potion of might {unknown}
 t - a potion of curing {unknown}


   Skills:
 - Level 2.0 Fighting
 + Level 6.2 Polearms
 - Level 1.3 Throwing
 - Level 2.4 Dodging


You had 5 spell levels left.
You didn't know any spells.
Your spell library contained the following spells:

 Spells                   Type           Power      Damage    Failure   Level
 Beastly Appendage        Tmut           0%         N/A       100%        1
 Magic Dart               Conj           0%         1d3       100%        1
 Call Imp                 Summ           0%         N/A       100%        2
 Wereblood                Tmut           0%         N/A       100%        2
 Mephitic Cloud           Conj/Pois/Air  0%         N/A       100%        3
 Spider Form              Tmut/Pois      0%         N/A       100%        3


Dungeon Overview and Level Annotations

Branches:
Dungeon (4/15)
 Temple: D:4-7

Altars:
Fedhas
Nemelex Xobeh
Sif Muna
Beogh

Annotations:
D:3 3 runed translucent doors, kae's ghost, weakling DsTm
D:4 Menkaure


Innate Abilities, Weirdness & Mutations

You are completely covered in rugged brown scales. (AC +3, +7% HP)
You have supernaturally acute eyesight. (SInv)
Armour fits poorly on your strangely shaped body.
You can roll at nearby foes to attack.
You have a long armoured tail.


Message History

You now have 120 gold pieces (gained 10).
You now have 133 gold pieces (gained 13).
You pick up a book of Minor Magic and begin reading...
You add the spells Magic Dart, Call Imp and Mephitic Cloud to your library.
You see here a +0 scale mail.
Menkaure, Prince of Dust comes into view.
Found a rapier.
Found a stone staircase leading down.
Menkaure gestures at you while chanting.
Pain shoots through your body!
Unknown command.
There's nothing you can charge at!
Unknown command.
Menkaure casts a spell.
Menkaure seems to speed up.
Menkaure breathes soot at you.
Roll where?
Press: ? - help, Dir - move target, f - Menkaure
Aim: Menkaure (fast)
You roll forward with a clatter of scales!
You barely miss Menkaure.
Menkaure calls on the powers of darkness!
Your body is wracked with pain!
You hit Menkaure.
Menkaure is lightly damaged.
Menkaure hits you.
You are too injured to fight recklessly!
You are too injured to fight recklessly!
You are too injured to fight recklessly!
You are too injured to fight recklessly!
You are too injured to fight recklessly!
You hit Menkaure.
Menkaure is moderately damaged.
Menkaure casts a spell at you.
You barely resist. Menkaure hits you!
* * * LOW HITPOINT WARNING * * *
You hit Menkaure.
Menkaure is heavily damaged.
Menkaure gestures at you while chanting.
Pain shoots through your body!
You die...

......M #.....#
#.......... #....#
##.......... ##....#
#...........##
###.##..#
........>...###..###..#
... #.##.### ##.##
##.## ##.##.# ##.##
#...#####...#.# #..#
#..°.@M.#...# ##.#
#...#####...### #..
##.## ##.## ##. #. #.#
#. #. #.# ## #. #.# #
#. #.# # .. ... .#.


You could see Menkaure (fast).

Vanquished Creatures
  Blork the orc (D:4)
  A scorpion (D:4)
  Jessica (D:3)
  An orc wizard (D:2)
  2 adders
  A worm (D:3)
  4 dart slugs
  2 orcs
  8 ball pythons
  4 endoplasms
  4 giant cockroaches
  5 goblins
  6 hobgoblins
  3 jackals (D:2)
  8 kobolds
  2 quokkas
  5 bats
  3 frilled lizards
  8 rats
69 creatures vanquished.

Vanquished Creatures (others)
  2 plants (D:3)
2 creatures vanquished.

Grand Total: 71 creatures vanquished

Notes
Turn   | Place    | Note
-------+----------+-------------------------------------------
     0 | D:1      | mopl the Palentonga Gladiator began the quest for the Orb.
     0 | D:1      | Reached XP level 1. HP: 17/17 MP: 1/1
    44 | D:1      | Reached skill level 3 in Polearms
    73 | D:1      | Found a faded altar of an unknown god.
   210 | D:1      | Reached XP level 2. HP: 19/23 MP: 2/2
   707 | D:2      | Reached XP level 3. HP: 6/28 MP: 3/3
  1023 | D:2      | Reached skill level 4 in Polearms
  1440 | D:3      | Found a blossoming altar of Fedhas.
  1666 | D:2      | Reached XP level 4. HP: 20/35 MP: 4/4
  1885 | D:3      | Noticed Jessica
  1901 | D:3      | Killed Jessica
  2075 | D:3      | Found a runed translucent gate.
  2075 | D:3      | Found a runed translucent gate.
  2075 | D:3      | Found a runed translucent gate.
  2077 | D:3      | Noticed kae's ghost (weakling DsTm)
  2077 | D:3      | Identified the +3 dagger of Outrage {flame, rC+}
  2236 | D:3      | Found a shimmering blue altar of Sif Muna.
  2368 | D:2      | Reached skill level 5 in Polearms
  2559 | D:2      | Found a sparkling altar of Nemelex Xobeh.
  2776 | D:3      | Reached XP level 5. HP: 31/40 MP: 5/5
  3146 | D:4      | Noticed Blork the orc
  3153 | D:4      | Killed Blork the orc
  3154 | D:4      | Reached skill level 6 in Polearms
  3154 | D:4      | Reached XP level 6. HP: 25/47 MP: 6/6
  3528 | D:4      | Noticed Menkaure
  3544 | D:4      | Killed from afar by Menkaure

Illustrated notes

Levels and vault maps discovered:
D:1:      zelgadis_glass_arrival_small, layout_loops_cross,
          dreamdust_ecumenical_altar_statues
D:2:      layout_basic, basic_altar, kennysheep_another_room
D:3:      layout_loops_ring, led_sif_pool, fedhas_ov_isle_minmay,
          biasface_ghost_orc_armoury, uniq_jessica
D:4:      layout_cave_pods, minmay_misc_feat_tower, uniq_menkaure,
          uniq_blork_the_orc

Skill      XL: |  1  2  3  4  5 |
---------------+----------------+-----
Polearms       | 3 4 5 6 |  6.2
Fighting       | |  2.0
Throwing       | |  1.3
Dodging        | |  2.4

Action                   |  1- 3 |  4- 6 || total
-------------------------+-------+-------++-------
Melee: Trident           |   123 |    94 ||   217
       Tailslap          |    14 |     5 ||    19
 Abil: Rolling Charge    |     2 |     3 ||     5
Armor: Leather armour    |    52 |       ||    52
       Chain mail        |       |    30 ||    30
Dodge: Dodged            |    44 |    10 ||    54
Block: Kite shield       |    26 |    24 ||    50
       Reflection        |       |     1 ||     1

Table legend: (Time is in decaauts)
 A = Elapsed time spent in this place.
 B = Non-inter-level travel time spent in this place.
 C = Inter-level travel time spent in this place.
 D = Time resting spent in this place.
 E = Time spent auto-exploring this place.
 F = Levels seen in this place.
 G = Mean time per level.
                   A        B        C        D        E       F      G
               +--------+--------+--------+--------+--------+-----+--------+
         Total |   3593 |   3448 |    145 |    903 |   1941 |   4 |  898.2 |
       Dungeon |   3593 |   3448 |    145 |    903 |   1941 |   4 |  898.2 |
               +--------+--------+--------+--------+--------+-----+--------+

Top non-repeatable levels by time:
     D:2: 1449 daAuts
     D:3: 918 daAuts
     D:1: 709 daAuts
     D:4: 516 daAuts
